 Dungeon Crawl Stone Soup version 0.22.1-2-g9c5b331 (webtiles) character file.

193 redwoodhats the Skirmisher (level 5, -2/42 HPs)
             Began as a Barachi Skald on Nov 27, 2018.
             Slain by Edmund
             ... wielding a +2 dire flail of protection
              (4 damage)
             ... on level 4 of the Dungeon.
             The game lasted 00:16:51 (3546 turns).

redwoodhats the Skirmisher (Barachi Skald)          Turns: 3546, Time: 00:16:52

Health: -2/42      AC:  6    Str: 14    XL:     5   Next: 72%
Magic:  2/8        EV:  9    Int: 13    God:
Gold:   175        SH:  7    Dex: 11    Spells: 8/9 levels left

rFire    . . .     SeeInvis .   n - +2 falchion (elec)
rCold    + . .     Gourm    .   h - +0 shield
rNeg     . . .     Faith    .   b - +0 leather armour
rPois    .         Spirit   .   j - +1 helmet
rElec    .         Reflect  .   (no cloak)
rCorr    .         Harm     .   k - +0 pair of gloves
MR       .....                  (no boots)
Stlth    +.........             (no amulet)
HPRegen  0.14/turn              C - ring of protection from cold
MPRegen  0.11/turn              (no ring)

@: infused, very slightly contaminated, slow
A: +LOS, swims, slowness 1, strong legs 1
a: Hop


You were on level 4 of the Dungeon.
You were not hungry.

You visited 1 branch of the dungeon, and saw 4 of its levels.

You collected 175 gold pieces.

Inventory:

Hand Weapons
 a - a +0 mace
 m - a +0 hunting sling
 n - a +2 falchion of electrocution (weapon)
 s - a cursed -1 hand axe
Missiles
 c - 61 stones (quivered)
 f - 8 needles of confusion
 l - 18 sling bullets
 o - a throwing net
 q - 2 tomahawks
 v - 14 poisoned needles
Armour
 b - a +0 leather armour (worn)
 h - a +0 shield (worn)
 j - a +1 helmet (worn)
 k - a +0 pair of gloves (worn)
Jewellery
 i - a cursed ring of teleportation
 A - a cursed -4 ring of slaying
 C - a ring of protection from cold (left hand)
Wands
 y - a wand of enslavement (4)
Scrolls
 g - 3 scrolls of magic mapping
 p - a scroll of remove curse
 t - a scroll of teleportation
 u - a scroll of amnesia {unknown}
 w - a scroll of fear
 D - a scroll of random uselessness
 E - a scroll of identify
Potions
 e - a potion of mutation {unknown}
 r - a potion of might
 x - 2 potions of curing {unknown}
 z - a potion of flight {unknown}
 B - a potion of haste
Comestibles
 d - 6 rations


   Skills:
 + Level 3.7 Fighting
 + Level 3.0 Long Blades
 + Level 3.1 Maces & Flails
 + Level 0.7 Slings
 + Level 2.0 Armour
 + Level 2.5 Dodging
 + Level 0.5 Stealth
 + Level 0.9 Shields
 + Level 2.5 Spellcasting
 + Level 3.6 Charms


You had 8 spell levels left.
You knew the following spells:

 Your Spells              Type           Power        Failure   Level  Hunger
a - Infusion              Chrm           ##..         38%         1    #......

Your spell library contained the following spells:

 Spells                   Type           Power        Failure   Level  Hunger
 Song of Slaying          Chrm           ##......     54%         2    ###....
 Shroud of Golubria       Chrm/Tloc      #.........   80%         2    ###....
 Regeneration             Chrm/Necr      #.........   95%         3    ###....
 Spectral Weapon          Hex/Chrm       #.......     95%         3    ###....


Dungeon Overview and Level Annotations

Branches:
Dungeon (4/15)
 Temple: D:4-7

Altars:

Annotations:
D:4 Edmund


Innate Abilities, Weirdness & Mutations

Shadows flee at your approach. (+LOS)
You can swim through water.
You cover ground slowly.
You can hop short distances.


Message History

Casting: Infusion (safe; 38% risk of failure)
Confirm with . or Enter, or press ? or * to list all spells.
You miscast Infusion.
The air around you crackles with energy!
You are no longer magically infusing your attacks.
Edmund is no longer unusually resistant.
Casting: Infusion (safe; 38% risk of failure)
Confirm with . or Enter, or press ? or * to list all spells.
You miscast Infusion.
Your skin tingles.
Edmund closely misses you.
Casting: Infusion (safe; 38% risk of failure)
Confirm with . or Enter, or press ? or * to list all spells.
You begin infusing your attacks with magical energy.
Edmund hits you with a dire flail of protection.
* * * LOW HITPOINT WARNING * * *
You completely miss Edmund.
Edmund is lightly wounded.
Edmund closely misses you.
You riposte.
You hit Edmund.
Edmund is lightly wounded.
Edmund hits you with a dire flail of protection.
You die...

##...#######.#####.
#..................
#####...####..##......
#......†..............
#.#..#..#..#..#......#
#..#..#..#..#.....@..
#...#..#..#..#..##<#
#.#..#..#..#..#@...#
#..#..#..#..#.@....#
##............######
#.####......##
#......####.# #####.#
#.# #.# #.# #.. ..#
#.. ### #..


You could see Edmund.

Vanquished Creatures
  A worker ant (D:4)
  4 gnolls (D:3)
  3 adders
  An ooze (D:3)
  2 worms
  A dart slug (D:3)
  4 leopard geckos
  5 orcs (D:3)
  5 giant cockroaches
  13 goblins
  6 hobgoblins
  6 jackals (D:3)
  2 quokkas
  2 ball pythons
  9 bats
  5 frilled lizards
  8 kobolds
  8 rats
85 creatures vanquished.

Notes
Turn   | Place    | Note
-------+----------+-------------------------------------------
     0 | D:1      | redwoodhats the Barachi Skald began the quest for the Orb.
     0 | D:1      | Reached XP level 1. HP: 17/17 MP: 3/3
   446 | D:1      | Reached XP level 2. HP: 21/23 MP: 5/5
   737 | D:1      | Reached XP level 3. HP: 28/28 MP: 6/6
  1752 | D:2      | Reached XP level 4. HP: 35/35 MP: 7/7
  2097 | D:3      | Reached skill level 1 in Long Blades
  2225 | D:3      | Reached XP level 5. HP: 19/41 MP: 8/8
  3523 | D:4      | Noticed Edmund
  3545 | D:4      | HP: 2/42 [Edmund/dire flail of protection (6)]
  3546 | D:4      | Slain by Edmund

Skill      XL: |  1  2  3  4  5 |
---------------+----------------+-----
Fighting       | 3 |  3.7
Maces & Flails | 3 |  3.1
Long Blades    | 1 3 |  3.0
Armour         | 2 |  2.0
Slings         | |  0.7
Dodging        | |  2.5
Stealth        | |  0.5
Shields        | |  0.9
Spellcasting   | |  2.5
Charms         | |  3.6

Action                   |  1- 3 |  4- 6 || total
-------------------------+-------+-------++-------
Melee: Mace              |   143 |       ||   143
       Falchion          |     3 |   113 ||   116
 Fire: Hunting sling     |    13 |    27 ||    40
 Cast: Infusion          |     2 |     3 ||     5
 Abil: Hop               |     2 |       ||     2
  Use: Scroll            |     2 |     8 ||    10
       Potion            |     2 |       ||     2
 Stab: Sleeping          |     1 |       ||     1
  Eat: Ration            |     1 |     2 ||     3
Armor: Leather armour    |    91 |    40 ||   131
Dodge: Dodged            |   126 |    59 ||   185
Block: Shield            |    60 |    53 ||   113
       Rpst.: Falchion   |       |    18 ||    18
